 Dungeon Crawl Stone Soup version 0.24-a0-434-gd57e52fea8 (webtiles) character file.

Game seed: 5562562274296370732

4845 Amnesiac the Spear-Bearer (level 10, -5/77 HPs)
             Began as a Merfolk Skald on June 17, 2019.
             Was a Priest of Okawaru.
             Slain by Harold
             ... wielding a +5 hand axe of freezing
              (14 damage)
             ... on level 7 of the Dungeon.
             The game lasted 00:22:57 (9187 turns).

Amnesiac the Spear-Bearer (Merfolk Skald)           Turns: 9187, Time: 00:22:58

Health: -5/77      AC:  5    Str: 12    XL:     10   Next: 49%
Magic:  8/17       EV: 21    Int: 12    God:    Okawaru [***...]
Gold:   350        SH:  0    Dex: 17    Spells: 12/19 levels left

rFire    . . .     SeeInvis .   a - +3 spear (freeze)
rCold    . . .     Gourm    .   (no shield)
rNeg     . . .     Faith    .   b - +0 leather armour
rPois    .         Spirit   .   (no helmet)
rElec    .         Reflect  .   s - +0 cloak
rCorr    .         Harm     +   y - +0 pair of gloves
MR       .....                  (no boots)
Stlth    +.........             r - amulet of harm
HPRegen  0.22/turn              t - +4 ring of evasion
MPRegen  0.15/turn              (no ring)

@: very slightly contaminated
A: change form in water, swift swim, stealthy swim
a: Heroism, Renounce Religion


You were on level 7 of the Dungeon.
You worshipped Okawaru.
Okawaru was most pleased with you.
You were very hungry.

You visited 2 branches of the dungeon, and saw 8 of its levels.

You collected 350 gold pieces.

Inventory:

Hand Weapons
 a - a +3 spear of freezing (weapon)
Armour
 b - a +0 leather armour (worn)
 s - a +0 cloak (worn)
 y - a +0 pair of gloves (worn)
Jewellery
 r - an amulet of harm (around neck)
 t - a +4 ring of evasion (left hand)
Wands
 c - a wand of scattershot (5)
 m - a wand of digging (4)
Scrolls
 e - 2 scrolls of teleportation {!r, unknown}
 f - 5 scrolls of remove curse {!r, unknown}
 g - a scroll of enchant armour {!r, unknown}
 h - 3 scrolls of amnesia {!r}
 j - 3 scrolls of identify {!r}
 p - 2 scrolls of immolation {!r, unknown}
 q - 2 scrolls of enchant weapon {!r, unknown}
 u - 3 scrolls of magic mapping {!r}
 w - a scroll of blinking {!r}
Potions
 i - 2 potions of heal wounds {!q}
 k - a potion of degeneration {!q, unknown}
 l - a potion of ambrosia {!q, unknown}
 n - a potion of haste {!q}
 o - a potion of flight {!q, unknown}
 v - a potion of brilliance {!q}
 z - a potion of curing {!q}
 B - a potion of mutation {!q, unknown}
 C - a potion of might {!q, unknown}
Comestibles
 d - 16 rations


   Skills:
 + Level 6.9 Fighting
 - Level 12.0 Polearms
 - Level 0.6 Armour
 + Level 8.3 Dodging
 - Level 5.0 Spellcasting
 - Level 1.0 Hexes
 - Level 9.0 Charms


You had 12 spell levels left.
You knew the following spells:

 Your Spells              Type           Power        Failure   Level  Hunger
a - Infusion              Chrm           ###.         1%          1    None
e - Spectral Weapon       Hex/Chrm       ###.....     10%         3    ###....
r - Regeneration          Chrm/Necr      ##........   12%         3    ###....

Your spell library contained the following spells:

 Spells                   Type           Power        Failure   Level  Hunger
 Song of Slaying          Chrm           ###.....     1%          2    ##.....
 Shroud of Golubria       Chrm/Tloc      ##....       6%          2    ##.....
 Magic Dart               Conj           #...         26%         1    None
 Searing Ray              Conj           #.....       36%         2    ##.....
 Dazzling Spray           Conj/Hex       #.....       52%         3    ###....
 Fulminant Prism          Conj/Hex       #.........   90%         4    ####...
 Force Lance              Conj/Tloc      #.......     94%         4    ####...
 Iskenderun's Mystic Bla  Conj           #.......     94%         4    ####...


Dungeon Overview and Level Annotations

Branches:
Dungeon (7/15)             Temple (1/1) D:6

Altars:
Ashenzari
Cheibriados
Dithmenos
Elyvilon
Fedhas
Gozag
Kikubaaqudgha
Makhleb
Nemelex Xobeh
Okawaru
Qazlal
Ru
Sif Muna
Trog
Uskayaw
Vehumet
Xom
Yredelemnul
Zin
The Shining One

Annotations:
D:7 Harold


Message History

Harold is heavily wounded.
Your spectral weapon freezes Harold.
Harold hits your spectral weapon with a +5 hand axe of freezing!
Your spectral weapon shares its damage with you!
Harold freezes your spectral weapon.
Your spectral weapon fades away.
Attack whom?
Press: ? - help, Dir - move target cursor, f/p - Harold
Aim: Harold, wielding a +5 hand axe of freezing and wearing a +3 scale mail of fire resistance (heavily wounded)
You reach to attack!
You hit Harold. You freeze Harold.
Harold is heavily wounded.
Casting: Spectral Weapon (safe; 10% risk of failure)
Confirm with . or Enter, or press ? or * to list all spells.
You draw out your weapon's spirit!
You hit Harold but do no damage.
Harold is heavily wounded.
Your spectral weapon freezes Harold.
Harold hits you with a +5 hand axe of freezing!
Harold freezes you.
Harold hits your spectral weapon with a +5 hand axe of freezing!
Your spectral weapon shares its damage with you!
Harold freezes your spectral weapon.
Your spectral weapon fades away.
You hit Harold but do no damage.
Harold is severely wounded.
You hit Harold. You freeze Harold.
Harold is severely wounded.
Harold closely misses you.
You hit Harold but do no damage.
Harold is severely wounded.
Casting: Spectral Weapon (safe; 10% risk of failure)
Confirm with . or Enter, or press ? or * to list all spells.
You miscast Spectral Weapon.
You are very lightly contaminated with residual magic.
Nothing appears to happen.
Harold completely misses you.
Casting: Spectral Weapon (safe; 10% risk of failure)
Confirm with . or Enter, or press ? or * to list all spells.
You draw out your weapon's spirit!
You are feeling very hungry.
Harold hits you with a +5 hand axe of freezing!
* * * LOW HITPOINT WARNING * * *
Harold freezes you.
* * * LOW HITPOINT WARNING * * *
Harold barely misses your spectral weapon.
You hit Harold but do no damage.
Harold is severely wounded.
Your spectral weapon freezes Harold.
You hit Harold but do no damage.
Harold is almost dead.
Harold hits you with a +5 hand axe of freezing!
* * * LOW HITPOINT WARNING * * *
Harold freezes you.
* * * LOW HITPOINT WARNING * * *
Harold hits your spectral weapon with a +5 hand axe of freezing.
Your spectral weapon shares its damage with you!
* * * LOW HITPOINT WARNING * * *
You hit Harold but do no damage.
Harold is almost dead.
Your spectral weapon freezes Harold.
You completely miss Harold.
Harold is almost dead.
Your spectral weapon freezes Harold.
Harold hits you with a +5 hand axe of freezing!
You die...

..##..#####P.........P.P.#
#.....
..#....)...PPPPP.PPP.P.P.#
#.....
###....###.......P...P...#
#.....
..#........PPPPPPP.PPP.P##
#.....
..#.######.P.....P.....P#
#..... ###.#


#.P.PPP.PPPPP.P# #..... ....# #.P.......P.P.P# #..... ##### #.P.PPP@PPP.P.P#
###### #.P.P.(@......P# #.P.PPPPPPPPPPP# #.. ############ # You could see Harold
and a friendly spectral +3 spear of freezing.

Vanquished Creatures
  A two-headed ogre (D:7)
  Grinder (D:4)
  A yak (D:7)
  7 humans
  3 hogs (D:7)
  Menkaure (D:5)
  An ice beast (D:7)
  2 sky beasts
  4 ogres
  3 centaurs
  3 bullfrogs
  Blork the orc (D:4)
  3 scorpions
  5 wights (D:7)
  2 howler monkeys
  A crimson imp (D:4)
  Crazy Yiuf (D:2)
  A bullfrog skeleton (D:6)
  3 hounds
  An orc wizard (D:5)
  2 iguanas (D:7)
  4 worker ants
  2 hound zombies
  A hound skeleton (D:6)
  A worker ant zombie (D:6)
  16 adders
  A shadow imp (D:6)
  2 oozes
  An adder skeleton (D:4)
  3 worms
  A dart slug (D:2)
  3 leopard geckos
  6 orcs
  8 giant cockroaches
  11 goblins
  11 hobgoblins
  8 jackals
  6 quokkas
  4 ball pythons
  10 bats
  6 frilled lizards
  4 kobolds
  A leopard gecko skeleton (D:5)
  A quokka zombie (D:7)
  9 rats
167 creatures vanquished.

Vanquished Creatures (others)
  Pikel (D:6)
  A bush (D:7)
  7 spectral weapons
9 creatures vanquished.

Grand Total: 176 creatures vanquished

Notes
Turn   | Place    | Note
-------+----------+-------------------------------------------
     0 | D:1      | Amnesiac the Merfolk Skald began the quest for the Orb.
     0 | D:1      | Reached XP level 1. HP: 16/16 MP: 3/3
   240 | D:1      | Reached XP level 2. HP: 22/22 MP: 0/5
   525 | D:2      | Reached skill level 4 in Polearms
   606 | D:2      | Reached XP level 3. HP: 25/27 MP: 2/6
   614 | D:2      | Learned a level 3 spell: Spectral Weapon
   707 | D:3      | Found a deep blue altar of Sif Muna.
  1035 | D:3      | Reached skill level 5 in Polearms
  1035 | D:3      | Reached skill level 1 in Hexes
  1035 | D:3      | Reached XP level 4. HP: 33/33 MP: 5/7
  1055 | D:3      | Learned a level 3 spell: Regeneration
  1401 | D:4      | Noticed Grinder
  1425 | D:4      | HP: 1/33 [Grinder (9)]
  1426 | D:4      | Killed Grinder
  1426 | D:4      | Reached skill level 7 in Polearms
  1426 | D:4      | Reached skill level 5 in Charms
  1426 | D:4      | Reached XP level 5. HP: 1/38 MP: 3/8
  1426 | D:4      | Reached XP level 6. HP: 1/44 MP: 3/9
  1780 | D:4      | Reached skill level 8 in Polearms
  1895 | D:4      | Reached XP level 7. HP: 50/50 MP: 10/10
  1962 | D:4      | Noticed Blork the orc
  1976 | D:4      | Killed Blork the orc
  1989 | D:4      | HP: 2/50 [poisoned by Blork the orc]
  2239 | D:5      | Identified a paperback manual
  2239 | D:5      | Entered Level 5 of the Dungeon
  2347 | D:5      | Reached skill level 9 in Polearms
  2908 | D:5      | Reached skill level 10 in Polearms
  2938 | D:5      | Noticed Menkaure
  2938 | D:5      | Noticed Pikel
  3004 | D:6      | HP: 2/50 [Pikel/+1 whip of flaming (3)]
  3006 | D:6      | Noticed a human
  3007 | D:6      | Killed Pikel
  3007 | D:6      | Reached XP level 8. HP: 38/56 MP: 8/11
  3033 | D:6      | Found a staircase to the Ecumenical Temple.
  3040 | Temple   | Entered the Ecumenical Temple
  3287 | Temple   | Became a worshipper of Warmaster Okawaru
  3331 | Temple   | Reached skill level 11 in Polearms
  3830 | Temple   | Reached * piety under Okawaru
  3830 | Temple   | Reached skill level 12 in Polearms
  4312 | D:5      | Killed Menkaure
  4312 | D:5      | Reached XP level 9. HP: 34/61 MP: 8/12
  5021 | D:2      | Found a sparkling altar of Nemelex Xobeh.
  5366 | D:2      | Found a runed translucent door.
  5367 | D:2      | Noticed Crazy Yiuf
  5376 | D:2      | Killed Crazy Yiuf
  6088 | D:3      | Found a basalt altar of Yredelemnul.
  7246 | D:6      | Found a shattered altar of Ashenzari.
  7257 | D:6      | Reached ** piety under Okawaru
  7387 | D:6      | Found a glowing silver altar of Zin.
  7452 | D:6      | Found a shadowy altar of Dithmenos.
  7463 | D:6      | Found a glowing golden altar of the Shining One.
  7465 | D:6      | Found an opulent altar of Gozag.
  7575 | D:6      | Reached skill level 5 in Dodging
  7943 | D:7      | Noticed Harold
  7950 | D:7      | Noticed a two-headed ogre
  8395 | D:7      | Reached skill level 5 in Fighting
  8444 | D:7      | Found a stormy altar of Qazlal.
  8501 | D:7      | Reached XP level 10. HP: 66/74 MP: 13/16
  8556 | D:7      | Reached *** piety under Okawaru
  8567 | D:7      | Reached skill level 5 in Spellcasting
  8721 | D:7      | Killed a two-headed ogre
  8942 | D:7      | Found a burning altar of Makhleb.
  9187 | D:7      | Slain by Harold

Levels and vault maps discovered:
D:1:      minmay_arrival_solitary_statue, layout_loops_corners
D:2:      layout_loops_corners, nemelex_xobeh_ov_fountains_minmay, serial_glass,
          glass_columns_a, glass_columns_a, glass_columns_c, glass_columns_c,
          glass_columns_a, glass_columns_a, uniq_crazy_yiuf_cottage
D:3:      layout_loops_ring, lemuel_crystal_altar,
          lemuel_coloured_pillars_altar, grunt_decor_fettered
D:4:      layout_loops_cross, first_ration, uniq_grinder, uniq_blork_the_orc
D:5:      layout_gridville, minmay_manual_monstrance, uniq_menkaure, uniq_pikel
D:6:      layout_loops_ring, marbit_many_paths, lemuel_crystal_altar,
          minitemple, minmay_temple_entry_mini_moons, minmay_ruffians
D:7:      layout_rooms, lemuel_round_altar, nicolae_qazlal_general_emergency,
          serial_undead, serial_undead_b, serial_undead_f, serial_undead_e,
          serial_undead_c, minmay_hedge_maze, grunt_livestock,
          corexii_checkpoint_a, uniq_harold
Temple:   compressed_dpeg_circular_temple

Skill      XL: |  1  2  3  4  5  6  7  8  9 10 |
---------------+-------------------------------+-----
Polearms       | 4 5 7 8 10 12 | 12.0
Charms         | 4 5 6 8 9 |  9.0
Hexes          | 1 |  1.0
Dodging        | 6 8 |  8.3
Fighting       | 5 6 |  6.9
Spellcasting   | 4 5 |  5.0
Armour         | |  0.6

Action                   |  1- 3 |  4- 6 |  7- 9 | 10-12 || total
-------------------------+-------+-------+-------+-------++-------
Melee: Spear             |    64 |    71 |   578 |    91 ||   804
 Cast: Infusion          |    13 |     1 |     8 |       ||    22
       Spectral Weapon   |       |     5 |    38 |     7 ||    50
  Use: Scroll            |       |     2 |     6 |       ||     8
       Potion            |       |       |     5 |       ||     5
 Stab: Sleeping          |     2 |       |    10 |     1 ||    13
       Distracted        |       |     1 |     6 |       ||     7
  Eat: Chunk             |       |     3 |    24 |     2 ||    29
       Ration            |       |       |     1 |       ||     1
Armor: Leather armour    |     5 |     3 |    39 |     1 ||    48
Dodge: Dodged            |    29 |    13 |   218 |    12 ||   272

Table legend:
 A = Non-vault XP
 B = Vault XP
 C = Vault XP percentage of total XP
 D = Non-vault monster count
 E = Vault monster count
 F = Vault count percentage of total count
                 A         B        C        D         E       F
            +---------+---------+-------+---------+---------+-------
      Total |    3577 |    3345 |  48.3 |     143 |      25 |  14.9
            +---------+---------+-------+---------+---------+-------
        D:1 |      47 |       0 |   0.0 |      27 |       0 |   0.0
        D:2 |      89 |      44 |  33.1 |      25 |       1 |   3.8
        D:3 |     112 |       0 |   0.0 |      24 |       0 |   0.0
        D:4 |     247 |     377 |  60.4 |      12 |       2 |  14.3
        D:5 |     410 |     418 |  50.5 |      14 |       5 |  26.3
        D:6 |     560 |     902 |  61.7 |      19 |       5 |  20.8
        D:7 |    2040 |    1028 |  33.5 |      20 |       9 |  31.0
     Temple |      72 |     576 |  88.9 |       2 |       3 |  60.0
            +---------+---------+-------+---------+---------+-------
